 Dungeon Crawl Stone Soup version bcrawl-1.40.3b (webtiles) character file.

Game seed: 3456243781344344911

211421 Artagas the Chopper (level 7, -8/105 HPs)
             Began as a Naga Berserker on Nov 29, 2023.
             Was a Believer of Trog.
             Mangled by an orc warrior
             ... wielding a +0 glaive
              (15 damage)
             ... on level 6 of the Dungeon.
             The game lasted 00:06:44 (4290 turns).

Artagas the Chopper (Naga Berserker)                Turns: 4290, Time: 00:06:45

Health: -8/105     AC:  6    Str: 26    XL:     7   Next: 84%
Magic:  16/16      EV:  9    Int:  8    God:    Trog [**....]
Gold:   429        SH:  0    Dex: 10    Spells: 6/6 levels left

rFire    . . .     GDR:     23% a - +0 hand axe
rCold    . . .     SeeInvis +   (no shield)
rNeg     . . .     Gourm    .   j - +0 ring mail
rPois    +         Faith    .   (no helmet)
rElec    +         Spirit   .   (no cloak)
rCorr    .         Reflect  .   u - +0 pair of gloves
MR       .....                  (no barding)
Stlth    ..........             (no amulet)
HPRegen  1.27/turn              k - ring of magical power
MPRegen  0.15/turn              p - ring of insulation

@: berserking (expiring), regenerating, slowed, very slow
A: large, tail, swims, see invisible, deformed body, poison resistance, slowness
2, slow metabolism 1, spit poison 1, AC +2
a: Spit Poison, Berserk, Trog's Hand, Renounce Religion


You were on level 6 of the Dungeon.
You worshipped Trog.
Trog was pleased with you.
You were near starving.

You visited 1 branch of the dungeon, and saw 6 of its levels.

You collected 429 gold pieces.

Inventory:

Hand Weapons
 a - a +0 hand axe (weapon)
Missiles
 c - 92 poisoned tomahawks (quivered)
Armour
 b - a +0 animal skin
 j - a +0 ring mail (worn)
   (You found it on level 1 of the Dungeon)
 m - a +0 scale mail
   (You took it off an orc on level 3 of the Dungeon)
 n - a +0 plate armour
   (You found it on level 4 of the Dungeon)
 u - a +0 pair of gloves (worn)
   (You found it on level 4 of the Dungeon)
Jewellery
 k - a ring of magical power (left hand)
   (You found it on level 2 of the Dungeon)
 p - a ring of insulation (right hand)
   (You found it on level 3 of the Dungeon)
 B - an uncursed amulet of magic regeneration
   (You took it off an orc priest on level 5 of the Dungeon)
 F - an uncursed amulet of rage {unknown}
   (You found it on level 6 of the Dungeon)
Wands
 l - a wand of flame (22)
   (You took it off a kobold on level 3 of the Dungeon)
 s - a wand of random effects (8)
   (You found it on level 4 of the Dungeon)
 v - a wand of scattershot (6)
   (You found it on level 4 of the Dungeon)
Scrolls
 d - a scroll of fog
 f - 2 scrolls of fear
 h - 2 scrolls of revelation
 o - 3 scrolls of immolation {unknown}
 r - 2 scrolls of teleportation {unknown}
 w - a scroll of remove curse
 y - a scroll of noise {unknown}
 z - 2 scrolls of vulnerability {unknown}
 A - a scroll of brand weapon {unknown}
 D - a scroll of enchant weapon {unknown}
Potions
 g - a potion of magic
 i - a potion of brilliance {unknown}
 q - 4 potions of curing
 t - a potion of lignification {unknown}
 x - a potion of heal wounds {unknown}
 C - a potion of mutation {unknown}
 E - a potion of agility {unknown}
Comestibles
 e - 8 rations {!d}


   Skills:
 + Level 6.7 Fighting
 + Level 6.7 Axes
 - Level 1.5 Armour
 - Level 1.5 Dodging


You had 6 spell levels left.
You didn't know any spells.
Your spell library was empty.

Dungeon Overview and Level Annotations

Branches:
Dungeon (6/12)
 Temple: D:4-7

Altars:
Cheibriados
Fedhas
Hepliaklqana
Ru
Xom

Annotations:
D:3 1 runed door


Innate Abilities, Weirdness & Mutations

You cannot wear boots.
You can swim through water.
Your serpentine skin is tough. (AC +2)
You have supernaturally acute eyesight. (SInv)
Armour fits poorly on your strangely shaped body.
Your system is resistant to poisons. (rPois)
You cover ground very slowly.
You have a slow metabolism.
You can spit poison.


Message History

You barely miss the orc priest.
The orc priest hits you with a +0 dagger.
You closely miss the orc priest.
An orc comes into view. It is wielding a +0 whip.
The orc priest mumbles some strange prayers to Beogh against you.
Beogh smites you!
You barely miss the orc priest. You slash the orc priest!
The orc priest is almost dead.
You barely miss the orc priest.
The orc priest is almost dead.
You closely miss the orc.
The orc priest hits you but does no damage.
You closely miss the orc priest.
The orc priest is almost dead.
You slash the orc!
You kill the orc!
Trog accepts your kill. The orc priest closely misses you.
You barely miss the orc priest.
The orc priest is almost dead.
You slash the orc priest!
You kill the orc priest!
Trog accepts your kill.
You closely miss the orc. You hit the orc.
The orc is heavily wounded.
You slash the orc!
You kill the orc!
Trog accepts your kill.
You are no longer berserk.
You are exhausted.
You feel yourself slow down. The orc barely misses you.
You hit the orc.
The orc is severely wounded.
The orc closely misses you. The orc hits you but does no damage.
You hit the orc.
You kill the orc!
Trog accepts your kill.
You closely miss the orc. The orc barely misses you.
An orc warrior comes into view. It is wielding a +0 glaive.
You hit the orc.
The orc is moderately wounded.
You closely miss the orc. The orc hits you with a +0 whip.
The orc hits you with a +0 mace.
Your skin crawls, and Trog's vigour flows through you.
You feel somewhat more hungry. The orc hits you with a +0 whip.
The orc barely misses you. x2
You closely miss the orc. You hit the orc but do no damage.
The orc hits you but does no damage. x2
An orc comes into view. It is wielding a +0 flail.
A red film seems to cover your vision as you go berserk!
You feel yourself moving faster!
You feel mighty!
You are feeling very hungry.
The orc misses you. The orc hits you with a +0 whip.
The orc hits you with a +0 mace. The orc warrior barely misses you.
You are near starving!
You closely miss the orc.
The orc is lightly wounded.
You slash the orc!
You kill the orc!
Trog accepts your kill. The orc hits you with a +0 whip.
An orc comes into view. It is wielding a +0 whip.
You barely miss the orc.
The orc is lightly wounded.
The orc shouts!
The orc warrior hits you from afar with a +0 glaive!
The orc misses you.
You hit the orc.
You kill the orc!
Trog accepts your kill.
The orc warrior hits you from afar with a +0 glaive!!
* * * LOW HITPOINT WARNING * * *
The orc warrior barely misses you. The orc barely misses you.
Items here: )))) [[[ †† You slash the orc warrior!
The orc warrior is heavily wounded.
You closely miss the orc. The orc barely misses you.
The orc warrior hits you with a +0 glaive!
* * * LOW HITPOINT WARNING * * *
You hit the orc warrior but do no damage.
The orc warrior is heavily wounded.
You slash the orc!
You kill the orc!
Trog accepts your kill.
You hit the orc.
The orc is severely wounded.
You hit the orc warrior.
The orc warrior hits you with a +0 glaive!
* * * LOW HITPOINT WARNING * * *
The orc hits you but does no damage.
You barely miss the orc warrior.
The orc warrior is severely wounded.
You hit the orc.
You kill the orc!
Trog accepts your kill.
The orc warrior hits you with a +0 glaive!
You die...

# # #.#
.#############.##
.)....o@....#...#
......)##)....#.###
.#......).#...#...######
#.###.####.#####..<....
# #.####...#.).######
#............#.###
....#.######...# #^#.#.
###.# #.#.#.## #.#


You could see an orc warrior.

Vanquished Creatures
  A hungry ghost (D:6)
  A phantom (D:5)
  A centaur (D:5)
  A scorpion (D:5)
  2 orc priests
  A crimson imp (D:4)
  3 hounds
  An iguana (D:4)
  An orc wizard (D:5)
  A worker ant (D:4)
  A killer bee zombie (D:5)
  4 adders
  A gnoll (D:2)
  A shadow imp (D:5)
  An ooze (D:2)
  An adder skeleton (D:4)
  2 adder zombies
  2 dart slugs
  4 leopard geckos
  12 orcs
  A ball python (D:3)
  3 bats
  5 giant cockroaches
  8 goblins
  6 hobgoblins
  8 jackals
  2 quokkas (D:3)
  2 frilled lizards
  7 kobolds
  3 rats (D:1)
87 creatures vanquished.

Notes
Turn   | Place    | Note
-------+----------+-------------------------------------------
     0 | D:1      | Artagas the Naga Berserker began the quest for the Orb.
     0 | D:1      | Reached XP level 1. HP: 21/21 MP: 1/1
    24 | D:1      | Reached XP level 2. HP: 7/28 MP: 2/2
   290 | D:1      | HP: 4/28 [hobgoblin/+0 mace (6)]
   292 | D:1      | HP: 1/42 [hobgoblin/+0 mace (5)]
   482 | D:1      | Reached XP level 3. HP: 29/34 MP: 3/3
   939 | D:2      | HP: 5/36 [gnoll/+0 flail (14)]
  1416 | D:2      | Reached skill level 4 in Fighting
  1416 | D:2      | Reached skill level 4 in Axes
  1416 | D:2      | Reached XP level 4. HP: 35/44 MP: 4/4
  1781 | D:3      | Reached ** piety under Trog
  2260 | D:3      | Found a runed door.
  2515 | D:4      | Reached XP level 5. HP: 51/51 MP: 5/5
  2925 | D:5      | Entered Level 5 of the Dungeon
  2941 | D:5      | Reached skill level 5 in Fighting
  2941 | D:5      | Reached skill level 5 in Axes
  2941 | D:5      | Reached XP level 6. HP: 46/61 MP: 6/6
  3290 | D:5      | Noticed a phantom
  3313 | D:5      | Killed a phantom
  3412 | D:5      | Found a shimmering altar of Xom.
  3670 | D:5      | Found a sacrificial altar of Ru.
  3677 | D:5      | Found a blossoming altar of Fedhas.
  3686 | D:5      | Found a hazy altar of Hepliaklqana.
  3717 | D:5      | Reached XP level 7. HP: 68/68 MP: 7/7
  3759 | D:5      | Reached skill level 6 in Fighting
  3759 | D:5      | Reached skill level 6 in Axes
  4072 | D:6      | Noticed a hungry ghost
  4106 | D:6      | Killed a hungry ghost
  4223 | D:6      | Found a snail-covered altar of Cheibriados.
  4287 | D:6      | HP: 15/105 [orc warrior/+0 glaive (12)]
  4289 | D:6      | HP: 6/105 [orc warrior/+0 glaive (12)]
  4290 | D:6      | Mangled by an orc warrior

Skill      XL: |  1  2  3  4  5  6  7 |
---------------+----------------------+-----
Fighting       | 4 5 6 |  6.7
Axes           | 4 5 6 |  6.7
Armour         | |  1.5
Dodging        | |  1.5

Action                   |  1- 3 |  4- 6 |  7- 9 || total
-------------------------+-------+-------+-------++-------
Melee: Hand axe          |   100 |   128 |    89 ||   317
Throw: Tomahawk          |     1 |    11 |     4 ||    16
Invok: Berserk           |     7 |     5 |     5 ||    17
       Trog's Hand       |       |       |     4 ||     4
 Abil: Spit Poison       |       |     2 |     1 ||     3
  Use: Scroll            |     3 |     3 |       ||     6
  Eat: Chunk             |    10 |     7 |     9 ||    26
       Ration            |       |     2 |     3 ||     5
Armor: Animal skin       |    10 |       |       ||    10
       Ring mail         |     8 |    39 |    38 ||    85
Dodge: Dodged            |    54 |    58 |    33 ||   145

Levels and vault maps discovered:
D:1:      amcnicky_arrival_feature_with_door, layout_rooms
D:2:      layout_basic, first_ration, serial_glass, glass_columns_b,
          glass_columns_a, glass_columns_a, glass_columns_a, glass_columns_a,
          glass_columns_a, glass_columns_a, glass_columns_c, glass_columns_b,
          glass_columns_a, glass_columns_a, glass_columns_c, glass_columns_c,
          glass_columns_b
D:3:      layout_rooms, uniq_crazy_yiuf_cottage
D:4:      layout_cave_pools, kennysheep_nub, kennysheep_generic_room_7
D:5:      layout_basic, grunt_temple_overflow_diamond, basic_altar
D:6:      layout_loops_ring, basic_altar, kennysheep_small_square

Table legend:
 A = Turns spent in this place as a percentage of turns spent in the entire game.
 B = Non-inter-level travel turns spent in this place as a percentage of non-inter-level travel turns spent in the entire game.
 C = Inter-level travel turns spent in this place as a percentage of turns spent in this place.
 D = Turns resting spent in this place as a percentage of non-inter-level travel turns spent in this place.
 E = Turns spent auto-exploring this place as a percentage of non-inter-level travel turns spent in this place.
 F = Non-inter-level travel turns spent in this place divided by the number of levels of this place that you've seen.
                   A       B       C       D       E      F
               +-------+-------+-------+-------+-------+----------------------
         Total | 100.0 | 100.0 |   3.1 |  15.1 |  67.2 | 692.5
       Dungeon | 100.0 | 100.0 |   3.1 |  15.1 |  67.2 | 692.5
               +-------+-------+-------+-------+-------+----------------------

Table legend:
 A = Kills in this place as a percentage of kills in entire the game.
 B = Kills by you in this place as a percentage of kills by you in the entire game.
 C = Kills by friends in this place as a percentage of kills by friends in the entire game.
 D = Other kills in this place as a percentage of other kills in the entire game.
 E = Experience gained in this place as a percentage of experience gained in the entire game.
 F = Experience gained in this place divided by the number of levels of this place that you have seen.
                   A       B       C       D       E      F
               +-------+-------+-------+-------+-------+----------------------
         Total | 100.0 | 100.0 |   N/A |   N/A | 100.0 | 185.7
       Dungeon | 100.0 | 100.0 |   N/A |   N/A | 100.0 | 185.7
               +-------+-------+-------+-------+-------+----------------------
